 Dungeon Crawl Stone Soup version 0.30.0-13-g156ef70053 (webtiles) character file.

Game seed: 1555749192865004169

318 browni3141 the Trooper (level 6, -2/55 (56) HPs)
             Began as a Minotaur Fighter on May 17, 2023.
             Slain by a kobold brigand
             ... wielding a +3 dagger of venom
              (7 damage)
             ... in a sewer.
             The game lasted 00:01:08 (1987 turns).

browni3141 the Trooper (Minotaur Fighter)           Turns: 1987, Time: 00:01:08

HP:   -2/55 (56)    AC:  7    Str: 20    XL:     6   Next: 21%
MP:   5/5           EV:  9    Int:  5    God:
Gold: 151           SH:  5    Dex: 12    Spells: 5/5 levels left

rFire   . . .        a - +0 war axe
rCold   . . .        c - +0 buckler
rNeg    . . .        b - +0 scale mail
rPois   .            (helmet restricted)
rElec   .            (no cloak)
rCorr   .            (no gloves)
SInv    .            (no boots)
Will    .....        (no amulet) Stlth
                     (no ring)
HPRegen 0.29/turn    (no ring)
MPRegen 0.09/turn

%: no passive effects
@: lethally poisoned (-2 -> -9), lightly drained
A: horns 2, retaliatory headbutt
a: no special abilities


You were in a sewer.
You visited 1 branch of the dungeon, and saw 3 of its levels.
You also visited: Sewer.

You collected 151 gold pieces.

Inventory:

Hand Weapons
 a - a +0 war axe (weapon)
Armour
 b - a +0 scale mail (worn)
 c - a +0 buckler (worn)
Jewellery
 V - a ring of protection from cold
Scrolls
 N - a scroll of vulnerability {unknown}
 Q - 2 scrolls of identify {unknown}
 R - a scroll of immolation {unknown}
 S - 2 scrolls of summoning {unknown}
 T - a scroll of amnesia {unknown}
 U - 2 scrolls of teleportation {unknown}
Potions
 O - a potion of lignification {unknown}
 P - a potion of attraction {unknown}
 W - a potion of invisibility {unknown}
 X - 2 potions of cancellation {unknown}
 Y - a potion of haste {unknown}


   Skills:
 + Level 5.3 Fighting
 + Level 4.4 Axes
 + Level 5.2 Armour
 + Level 5.2 Shields


You had 5 spell levels left.
You didn't know any spells.
Your spell library contained the following spells:

 Spells                   Type           Power      Damage    Failure   Level
 Conjure Ball Lightning   Conj/Air       0%         3x3d6     100%        6
 Discord                  Hex            0%         N/A       100%        8
 Disjunction              Tloc           0%         N/A       100%        8


Dungeon Overview and Level Annotations

Branches:
Dungeon (3/15)              Sewer (1/1)

Altars:
Kikubaaqudgha
The Shining One


Innate Abilities, Weirdness & Mutations

You have a pair of horns on your head.
You reflexively headbutt those who attack you in melee.


Message History

The adder poisons you! You block the adder's attack.
The river rat bites you but does no damage.
You hit the adder. You headbutt the adder.
You kill the adder!
You closely miss the river rat.
You feel very sick.
The river rat bites you but does no damage.
You feel sick. The river rat closely misses you. You furiously retaliate!
You headbutt the river rat.
A rat comes into view.
You see here an adder corpse.
You closely miss the river rat. Your headbutt misses the river rat.
The river rat is lightly wounded.
You feel sick. You block the river rat's attack.
The river rat bites you but does no damage.
You hit the river rat. Your headbutt misses the river rat.
The river rat is heavily wounded.
You feel sick. The river rat bites you!
You closely miss the river rat.
The river rat is heavily wounded.
You feel sick. The river rat completely misses you. You furiously retaliate!
You headbutt the river rat. You hit the river rat.
You kill the river rat!
You feel sick.
You are no longer poisoned.
The rat barely misses you. You furiously retaliate!
You headbutt the rat, but do no damage. You hit the rat. You headbutt the rat.
You kill the rat!
You see here a rat corpse.
No target in view!
No target in view!
You open the door.
A kobold brigand and 5 kobolds come into view.
A kobold is wielding a +0 dagger and quivering poisoned darts.
The kobold brigand is wielding a +3 dagger of venom and quivering curare-tipped darts.
A kobold is wielding a +2 short sword of draining.
The kobold shouts! x2
The kobold moves out of view.
There are monsters nearby!
There are monsters nearby!
There are monsters nearby!
The kobold hits you with a +0 short sword.
The kobold brigand hits you but does no damage.
You are poisoned.
The kobold barely misses you.
There is an open door here.
You closely miss the kobold brigand. You headbutt the kobold brigand!
The kobold brigand is moderately wounded.
You hit the kobold.
You kill the kobold!
You hit the kobold.
You feel very sick.
The kobold throws a stone.
You block the stone.
The kobold hits you with a +2 short sword of draining.
You feel drained.
You hit the kobold.
You kill the kobold!
You slash the kobold!
You kill the kobold!
You hit the kobold brigand but do no damage.
You feel sick.
The kobold brigand hits you with a +3 dagger of venom.
The kobold hits you but does no damage. You block the kobold's attack.
The kobold brigand hits you with a +3 dagger of venom.
You are more poisoned.
You closely miss the kobold brigand.
The kobold brigand is moderately wounded.
You closely miss the kobold. You hit the kobold.
You kill the kobold!
You feel very sick.
The kobold brigand hits you but does no damage.
You are more poisoned.
The kobold hits you with a +0 dagger.
You miss the kobold brigand.
Your headbutt misses the kobold brigand.
The kobold brigand is moderately wounded.
You hit the kobold.
You kill the kobold!
You feel very sick.
The kobold brigand hits you with a +3 dagger of venom.
You barely miss the kobold brigand.
The kobold brigand is moderately wounded.
You feel very sick.
The kobold brigand hits you with a +3 dagger of venom.
You block the kobold brigand's attack.
You barely miss the kobold brigand.
The kobold brigand is moderately wounded.
You feel sick.
The kobold brigand hits you but does no damage.
You are lethally poisoned!
You slash the kobold brigand! You headbutt the kobold brigand.
The kobold brigand is severely wounded.
You feel very sick. The kobold brigand closely misses you.
You furiously retaliate!
You headbutt the kobold brigand. You closely miss the kobold brigand.
The kobold brigand is severely wounded.
You feel very sick.
The kobold brigand hits you with a +3 dagger of venom!
You die...

#≈ ≈≈≈≈≈≈≈≈≈≈≈≈≈≈≈≈≈≈≈≈
# ≈≈≈≈≈≈≈≈≈≈≈≈≈≈≈≈≈≈≈~~
≈≈≈≈≈≈≈≈≈≈≈≈~≈≈≈~≈≈~.
≈≈≈≈≈≈≈~~~~~≈##......
≈≈≈~~..####....... ≈##
####≈~....##.....##.
≈#?!#..#.........†.†.###
≈#!...)#............## .
#...K@......####......
≈#!...)#....### ##.....
≈#!.#..###### ###### ≈##
###


You could see a kobold brigand.

Vanquished Creatures
  2 kobold brigands (Sewer)
  4 gnolls (D:3)
  2 adders (Sewer)
  5 river rats (Sewer)
  6 ball pythons
  5 bats
  4 endoplasms
  4 giant cockroaches (D:3)
  4 goblins
  4 hobgoblins
  8 quokkas
  5 frilled lizards
  13 kobolds
  12 rats
78 creatures vanquished.

Notes
Turn   | Place    | Note
-------+----------+-------------------------------------------
     0 | D:1      | browni3141 the Minotaur Fighter began the quest for the
                  | Orb.
     0 | D:1      | Reached XP level 1. HP: 19/19 MP: 0/0
   151 | D:1      | Reached XP level 2. HP: 27/27 MP: 1/1
   543 | D:2      | Reached skill level 3 in Axes
   618 | D:2      | Found an ancient bone altar of Kikubaaqudgha.
   632 | D:2      | Reached XP level 3. HP: 33/33 MP: 2/2
  1153 | D:3      | Reached XP level 4. HP: 31/41 MP: 3/3
  1333 | D:3      | Found a glowing golden altar of the Shining One.
  1470 | D:3      | Found a glowing drain.
  1492 | Sewer    | Entered a sewer
  1518 | Sewer    | Noticed a kobold brigand
  1518 | Sewer    | Noticed a kobold brigand
  1527 | Sewer    | Killed a kobold brigand
  1528 | Sewer    | Reached XP level 5. HP: 14/47 MP: 4/4
  1688 | Sewer    | Reached XP level 6. HP: 51/56 MP: 5/5
  1987 | Sewer    | Slain by a kobold brigand

Illustrated notes

Levels and vault maps discovered:
D:1:      wander_arrival_estate, layout_rooms
D:2:      layout_basic, basic_altar, minmay_fountain_box
D:3:      layout_basic, nicolae_tso_swordbearing_angel, tgw_xom,
          gup_sewer_entry_pipe, chequers_serial_rivers_small_b,
          minmay_misc_feat_tiny, skrybe_limestone_x, uniq_natasha
Sewer:    sewer_minmay_treatment

Skill      XL: |  1  2  3  4  5 |
---------------+----------------+-----
Fighting       | 4 5 |  5.3
Shields        | 4 5 |  5.2
Axes           | 3 4 |  4.4
Armour         | 4 5 |  5.2

Action                     |  1- 3 |  4- 6 || total
---------------------------+-------+-------++-------
  Melee: War axe           |    68 |    74 ||   142
         Headbutt          |     7 |    10 ||    17
    Use: Potion            |     1 |       ||     1
 Armour: Scale mail        |    30 |    42 ||    72
  Dodge: Dodged            |    29 |    39 ||    68
  Block: Buckler           |    11 |    28 ||    39
